 Dungeon Crawl Stone Soup version 0.16-a0-1276-g18860b1 (webtiles) character file.

3352 Steelunacy the Nimble (level 9, -7/78 HPs)
             Began as a Minotaur Hunter on Oct 14, 2014.
             Was a Believer of Okawaru.
             Killed from afar by an orc wizard (8 damage)
             ... with a puff of flame
             ... on level 8 of the Dungeon.
             The game lasted 01:41:07 (8945 turns).

Steelunacy the Nimble (Minotaur Hunter)             Turns: 8945, Time: 01:41:09

Health: -7/78      AC: 15    Str: 18    XL:     9   Next: 72%
Magic:  4/5        EV:  8    Int:  8    God:    Okawaru [**....]
Gold:   511        SH: 10    Dex: 13    Spells: 4 memorised, 2 levels left

rFire  . . .     SeeInvis .     a - +3 long sword (freeze)
rCold  + . .     Clarity  .     Q - +0 chain mail
rNeg   . . .     SustAb   .     U - +0 shield
rPois  .         Gourm    .     A - +0 hat
rElec  .         Spirit   .     (no cloak)
rCorr  .         Warding  .     q - +0 pair of gloves
rMut   .         Stasis   .     u - +0 pair of boots
MR     .....                    (no amulet)
Stlth  ..........               P - ring of protection from cold
                                M - ring of wizardry

@: heroism, not resistant to hostile enchantments, extremely unstealthy
A: retaliatory headbutt, horns 2
a: Heroism, Renounce Religion


You were on level 8 of the Dungeon.
You worshipped Okawaru.
Okawaru was pleased with you.
You were not hungry.

You visited 2 branches of the dungeon, and saw 9 of its levels.

You collected 511 gold pieces.

Inventory:

Hand weapons
 a - a +3 long sword of freezing (weapon)
 b - a +0 shortbow
 c - a +3 great sword
 j - a +1 hunting sling
 n - a +1 falchion of holy wrath
 C - a +0 blowgun
 D - a +0 short sword
 I - a +0 war axe
Missiles
 g - 6 large rocks
 l - 18 sling bullets of flame
 s - 11 steel sling bullets
 x - 20 poisoned bolts
 J - 9 arrows (quivered)
 W - 41 sling bullets
Armour
 q - a +0 pair of gloves (worn)
 u - a +0 pair of boots (worn)
 A - a +0 hat (worn)
 F - a +0 helmet
 Q - a +0 chain mail (worn)
 U - a +0 shield (worn)
Jewellery
 M - a ring of wizardry (left hand)
 P - a ring of protection from cold (right hand)
Magical devices
 N - a wand of slowing (24)
 O - a wand of cold (6)
Scrolls
 p - 2 scrolls of teleportation
 w - 4 scrolls of remove curse
 E - 2 scrolls of recharging
 G - 3 scrolls of identify
 S - a scroll of immolation
Potions
 z - a potion of invisibility {unknown}
 B - a potion of brilliance
 K - a potion of cancellation {unknown}
 Z - a potion of restore abilities
Books
 d - a book of Geomancy

   Spells                             Type                      Level
   Sandblast                          Earth                        1
   Stoneskin                          Transmutation/Earth          2
   Passwall                           Transmutation/Earth          3
   Stone Arrow                        Conjuration/Earth            3
   Petrify                            Transmutation/Earth          4
   Lee's Rapid Deconstruction         Earth                        5
 L - a book of Maledictions

   Spells                             Type                      Level
   *Corona                            Hexes                        1
   *Sure Blade                        Hexes/Charms                 2
   *Ensorcelled Hibernation           Hexes/Ice                    2
   Confuse                            Hexes                        3
   Dazzling Spray                     Conjuration/Hexes            3
   Enslavement                        Hexes                        4
 Y - a book of Battle

   Spells                             Type                      Level
   *Infusion                          Charms                       1
   Shroud of Golubria                 Charms/Translocation         2
   Song of Slaying                    Charms                       2
   Spectral Weapon                    Hexes/Charms                 3
   Regeneration                       Charms/Necromancy            3
Comestibles
 o - a fruit
 V - a bread ration


   Skills:
 + Level 6.9(11.9) Fighting
 + Level 1.5(9.2) Short Blades
 + Level 6.9(12.0) Long Blades
 + Level 5.7(10.7) Slings
 + Level 1.6(6.6) Bows
 + Level 6.9(11.9) Armour
 + Level 8.8(13.8) Dodging
 + Level 2.1(7.1) Stealth
 + Level 1.9(6.9) Shields
 + Level 0.4 Spellcasting
 + Level 1.3 Invocations


You had 2 spell levels left.
You knew the following spells:

 Your Spells              Type           Power        Failure   Level  Hunger
a - Corona                Hex            #......      100%        1    ##.....
b - Sure Blade            Hex/Chrm       #.........   100%        2    ###....
c - Ensorcelled Hibernat  Hex/Ice        #.....       100%        2    ###....
d - Infusion              Chrm           #.....       100%        1    ##.....


Dungeon Overview and Level Annotations

Branches:
Dungeon (8/15)             Temple (1/1) D:6            Lair (0/8) D:8

Altars:
Ashenzari
Cheibriados
Dithmenos
Elyvilon
Fedhas
Gozag
Kikubaaqudgha
Makhleb
Nemelex Xobeh
Okawaru
Qazlal
Ru
Sif Muna
Trog
Vehumet
Xom
Yredelemnul
Zin
The Shining One

Shops:
D:5 [


Innate Abilities, Weirdness & Mutations

You reflexively headbutt those who attack you in melee.
You have a pair of horns on your head.


Message History

You kill the orc!
Okawaru accepts your kill.
The giant frog hits you but does no damage.
You completely miss the giant frog.
The giant frog is moderately wounded.
The giant frog hits you.
* * * LOW HITPOINT WARNING * * *
You barely miss the orc. Your headbutt misses the orc.
You block the giant frog's attack. Something hits you but does no damage.
The giant frog hits you but does no damage.
The orc hits you but does no damage.
The orc priest's eyes start to glow.
You slash the orc! You freeze the orc.
You kill the orc!
Okawaru accepts your kill. The giant frog hits you.
* * * LOW HITPOINT WARNING * * *
You hear some strange, mumbled words.
The puff of flame hits you!
You die...

...
#.........#
#.........#
#.........+
#.........#
##....##.##
#....####
#.....#
#.....#
#@)...#
.......F)##.##
>.....o.# ##
.........
......#..
....##..# .##
#.## ..# ###


You could see a giant frog and an orc priest.

Vanquished Creatures
  The ghost of bmpenner the Archer, an experienced CeAM (D:6)
  A hippogriff (D:7)
  A hungry ghost (D:6)
  2 wargs (D:8)
  An orc warrior (D:8)
  A necrophage (D:5)
  2 phantoms
  An ice beast (D:7)
  A centaur (D:5)
  5 ogres
  3 giant frogs
  A big kobold (D:7)
  3 wights (D:7)
  2 scorpions
  A troll skeleton (D:7)
  2 crimson imps
  5 hounds
  3 orc priests
  5 orc wizards
  2 iguanas
  8 worker ants
  Terence (D:3)
  A hound skeleton (D:4)
  5 adders
  2 gnolls (D:6)
  3 giant mites
  A shadow imp (D:5)
  2 worms
  4 orc zombies
  A gnoll skeleton (D:6)
  18 orcs
  6 ball pythons
  10 bats
  A bat zombie (D:5)
  7 giant cockroaches
  14 hobgoblins
  10 jackals
  16 kobolds
  A quokka (D:2)
  4 giant geckos
  10 giant newts
  A giant newt zombie (D:5)
  10 goblins
  A hobgoblin zombie (D:6)
  A jackal skeleton (D:6)
  A quokka zombie (D:5)
  12 rats
194 creatures vanquished.

Notes
Turn   | Place    | Note
--------------------------------------------------------------
     0 | D:1      | Steelunacy, the Minotaur Hunter, began the quest for the Orb.
     0 | D:1      | Reached XP level 1. HP: 18/18 MP: 1/1
   152 | D:1      | Reached XP level 2. HP: 23/25 MP: 1/1
   351 | D:1      | Gained mutation: You are resistant to hostile enchantments. [potion of beneficial mutation]
   390 | D:1      | Reached skill level 5 in Slings
   828 | D:1      | Reached XP level 3. HP: 30/30 MP: 2/2
  1561 | D:2      | Found an iron altar of Okawaru.
  1574 | D:2      | Became a worshipper of Warmaster Okawaru
  2456 | D:3      | Reached skill level 1 in Armour
  2456 | D:3      | Reached XP level 4. HP: 29/37 MP: 2/2
  2560 | D:3      | Reached skill level 1 in Short Blades
  2661 | D:3      | Noticed Terence
  2672 | D:3      | Killed Terence
  3234 | D:4      | Reached XP level 5. HP: 38/44 MP: 2/2
  3426 | D:4      | Noticed an ogre
  3431 | D:4      | Killed an ogre
  3431 | D:4      | Reached skill level 1 in Long Blades
  3459 | D:4      | Noticed a phantom
  3483 | D:4      | Killed a phantom
  3483 | D:4      | Reached XP level 6. HP: 22/51 MP: 3/3
  4184 | D:5      | Entered Level 5 of the Dungeon
  4189 | D:5      | Found Ywkap's Antique Armour Shop.
  4196 | D:5      | Reached skill level 5 in Dodging
  4198 | D:5      | Acquired Okawaru's first power
  4198 | D:5      | Reached XP level 7. HP: 49/57 MP: 3/3
  4487 | D:5      | Found a shattered altar of Ashenzari.
  4613 | D:5      | Lost mutation: You are resistant to hostile enchantments. [potion of cure mutation]
  4770 | D:5      | Reached skill level 1 in Stealth
  5121 | D:5      | Reached skill level 6 in Dodging
  5460 | D:5      | Reached XP level 8. HP: 49/66 MP: 3/3
  5818 | D:6      | Found a staircase to the Ecumenical Temple.
  5990 | D:6      | Reached skill level 7 in Dodging
  6372 | D:6      | Got a transparent robe
  6454 | D:6      | Reached skill level 5 in Fighting
  6500 | D:6      | Learned a level 1 spell: Corona
  6503 | D:6      | Learned a level 2 spell: Sure Blade
  6506 | D:6      | Learned a level 2 spell: Ensorcelled Hibernation
  6632 | D:6      | Noticed bmpenner's ghost (experienced CeAM)
  6640 | D:6      | Killed bmpenner's ghost
  6640 | D:6      | Reached skill level 5 in Long Blades
  6640 | D:6      | Reached skill level 1 in Bows
  7775 | Temple   | Entered the Ecumenical Temple
  8095 | D:7      | Reached skill level 8 in Dodging
  8095 | D:7      | Reached XP level 9. HP: 39/75 MP: 4/4
  8114 | D:7      | Reached skill level 5 in Armour
  8254 | D:7      | Reached skill level 1 in Invocations
  8446 | D:7      | Learned a level 1 spell: Infusion
  8619 | D:7      | Reached skill level 1 in Shields
  8918 | D:8      | Found a staircase to the Lair.
  8943 | D:8      | HP: 2/78 [giant frog (2)]
  8945 | D:8      | Killed from afar by an orc wizard

Action                   |  1- 3 |  4- 6 |  7- 9 || total
-------------------------+-------+-------+-------++-------
Melee: Short sword       |    85 |       |       ||    85
       Falchion          |    16 |       |       ||    16
       Long sword        |     5 |   104 |   295 ||   404
 Fire: Hunting sling     |    10 |     2 |       ||    12
       Shortbow          |       |       |    10 ||    10
 Cast: Corona            |       |       |     1 ||     1
Invok: Heroism           |       |       |     5 ||     5
  Use: Potion            |     3 |     2 |     5 ||    10
       Scroll            |     9 |     3 |     6 ||    18
  Eat: Bread ration      |     1 |     1 |     1 ||     3
       Fruit             |       |     1 |     1 ||     2
       Meat ration       |       |       |     2 ||     2
       Beef jerky        |       |       |     1 ||     1
